 Dungeon Crawl Stone Soup version 0.27-a0-1525-g1038ab4 (webtiles) character file.

Game seed: 12372447731366052293

119 Think the Cutter (level 5, -2/36 HPs)
             Began as an Octopode Fighter on July 10, 2021.
             Was a Believer of Uskayaw.
             Slain by a goblin (6 damage)
             ... led by Robin
             ... on level 2 of the Dungeon.
             The game lasted 00:06:18 (2416 turns).

Think the Cutter (Octopode Fighter)                 Turns: 2416, Time: 00:06:19

Health: -2/36      AC:  1    Str: 15    XL:     5   Next: 3%
Magic:  2/5        EV: 11    Int: 11    God:    Uskayaw [**....]
Gold:   47         SH:  8    Dex: 12    Spells: 4/4 levels left

rFire    . . .     SeeInvis .   a - +0 rapier
rCold    . . .     Faith    .   b - +0 kite shield
rNeg     . . .     Spirit   .   (helmet restricted)
rPois    .         Reflect  .   (no amulet)
rElec    .         Harm     .   (no ring)
rCorr    .         Rampage  .   (no ring)
Will     .....                  (no ring)
Stlth    ++........             (no ring)
HPRegen  0.12/turn              (no ring)
MPRegen  0.09/turn              (no ring)
                                (no ring)
                                (no ring)

@: no status effects
A: almost no armour, amphibious, 8 rings, camouflage 1, gelatinous body 1,
(nimble swimmer 1), tentacles
a: Renounce Religion, Stomp, Line Pass


You were on level 2 of the Dungeon.
You worshipped Uskayaw.
Uskayaw was noncommittal.
You visited 1 branch of the dungeon, and saw 3 of its levels.

You collected 47 gold pieces.

Inventory:

Hand Weapons
 a - a +0 rapier (weapon)
Armour
 b - a +0 kite shield (worn)
Scrolls
 d - 2 scrolls of identify {unknown}
 e - a scroll of vulnerability {unknown}
 f - a scroll of acquirement {unknown}
 g - a scroll of enchant weapon {unknown}
 h - a scroll of teleportation {unknown}
Potions
 c - 2 potions of curing {unknown}


   Skills:
 - Level 3.0 Fighting
 + Level 5.0 Short Blades
 - Level 3.0 Dodging
 - Level 3.0 Shields


You had 4 spell levels left.
You didn't know any spells.
Your spell library was empty.

Dungeon Overview and Level Annotations

Branches:
Dungeon (3/15)

Altars:
Qazlal
Uskayaw

Annotations:
D:2 Robin


Innate Abilities, Weirdness & Mutations

You cannot wear most types of armour.
You are amphibious.
You can wear up to eight rings at the same time.
Your skin changes colour to match your surroundings (Stealth+).
Your rubbery body absorbs attacks. (AC +1, EV +1)
((You are camouflaged near water. (Stealth+)))
You have tentacles for arms and can constrict up to eight enemies at once.


Message History

You squeeze the goblin, but do no damage.
The goblin barely misses you.
You hit the goblin. Your grab misses the goblin.
The goblin is severely wounded.
The goblin hits you with a +0 dagger.
You puncture the goblin!
You kill the goblin!
Your Short Blades skill increases to level 5!
You puncture the goblin!
You kill the goblin!
Robin throws the goblin at you! The goblin hits you with a +0 club.
Robin says, "Kneel, worm!"
You can now stomp with the beat.
You hit the goblin. You grab the goblin. You squeeze the goblin.
You kill the goblin!
The goblin closely misses you.
You have reached level 5!
You feel agile.
You hit the goblin.
You kill the goblin!
The goblin hits you with a +0 dagger.
You puncture the goblin!
You kill the goblin!
Robin hits you from afar with a +0 spear.
You barely miss the goblin. You grab the goblin. You squeeze the goblin.
The goblin is severely wounded.
You constrict the goblin.
You kill the goblin!
Robin throws the goblin at you! The goblin hits you with a +0 club.
Robin throws the goblin at you! The goblin hits you with a +0 club.
* * * LOW HITPOINT WARNING * * *
You can now pass through a line of other dancers.
Okay, then.
You closely miss the goblin. You grab the goblin. You squeeze the goblin.
You kill the goblin!
You block Robin's attack. The goblin hits you with a +0 club.
* * * LOW HITPOINT WARNING * * *
You block the goblin's attack. You block Robin's attack.
The goblin hits you with a +0 dagger.
You die...

.#.....................#
##.._..)...>....†.....(#
......(##....#.#.......#
##.....##.##...#.......#
###.#....#..######.####
##..........# ###..#
#..#####.##.# #...##
##.## # ##...#g### ...#
#..g@# #### #...##gg...#
# #.#. gg....# # #
......# ......# .....##
.....# ......


You could see Robin (fast), a hobgoblin (strong) and 4 goblins.

Vanquished Creatures
  4 gnolls
  2 adders
  3 worms (D:2)
  3 dart slugs
  2 ball pythons
  4 endoplasms
  11 goblins
  4 hobgoblins
  3 jackals (D:1)
  4 kobolds
  2 quokkas
  2 frilled lizards
  5 rats
49 creatures vanquished.

Notes
Turn   | Place    | Note
-------+----------+-------------------------------------------
     0 | D:1      | Think the Octopode Fighter began the quest for the Orb.
     0 | D:1      | Reached XP level 1. HP: 16/16 MP: 1/1
   147 | D:1      | Reached XP level 2. HP: 18/21 MP: 2/2
   252 | D:1      | You fall into a shaft and drop 1 floor!
   323 | D:1      | Found a faded altar of an unknown god.
   336 | D:1      | Reached skill level 3 in Short Blades
   337 | D:1      | Became a worshipper of Uskayaw the Reveller
   337 | D:1      | Reached * piety under Uskayaw
   748 | D:1      | Reached ** piety under Uskayaw
   753 | D:1      | Reached *** piety under Uskayaw
   754 | D:1      | Reached XP level 3. HP: 18/26 MP: 3/3
   859 | D:1      | You fall into a shaft and drop 1 floor!
   859 | D:2      | Found a stormy altar of Qazlal.
  1307 | D:1      | Reached skill level 4 in Short Blades
  1506 | D:2      | Reached XP level 4. HP: 7/31 MP: 4/4
  2405 | D:2      | Noticed Robin
  2411 | D:2      | Reached skill level 5 in Short Blades
  2413 | D:2      | Reached XP level 5. HP: 26/36 MP: 1/5
  2416 | D:2      | Slain by a goblin

Illustrated notes

Levels and vault maps discovered:
D:1:      minmay_arrival_checkered_box, layout_loops_ring,
          hellmonk_ecumenical_altar_crossroads
D:2:      layout_rooms, basic_altar, uniq_robin
D:3:      layout_basic, mainiacjoe_overflow_24_doors, serial_shops, shop,
          nicolae_shop_overgrown_old_shop, shop,
          nicolae_shop_overgrown_old_shop, hangedman_abyss_or_decor_stabs,
          uniq_ijyb

Skill      XL: |  1  2  3  4 |
---------------+-------------+-----
Short Blades   | 3 4 5 |  5.0
Fighting       | |  3.0
Dodging        | |  3.0
Shields        | |  3.0

Action                   |  1- 3 |  4- 6 || total
-------------------------+-------+-------++-------
Melee: Rapier            |    46 |    32 ||    78
       Constrict         |    13 |     8 ||    21
       Tentacles         |     4 |    11 ||    15
Invok: Stomp             |     2 |     2 ||     4
  Use: Potion            |     1 |       ||     1
 Stab: Sleeping          |     6 |     2 ||     8
Armor: Skin              |     6 |       ||     6
Dodge: Dodged            |    40 |    11 ||    51
Block: Kite shield       |    26 |     7 ||    33

Table legend: (Time is in decaauts)
 A = Elapsed time spent in this place.
 B = Non-inter-level travel time spent in this place.
 C = Inter-level travel time spent in this place.
 D = Time resting spent in this place.
 E = Time spent auto-exploring this place.
 F = Levels seen in this place.
 G = Mean time per level.
                   A        B        C        D        E       F      G
               +--------+--------+--------+--------+--------+-----+--------+
         Total |   2438 |   2398 |     40 |    810 |   1309 |   3 |  812.7 |
       Dungeon |   2438 |   2398 |     40 |    810 |   1309 |   3 |  812.7 |
               +--------+--------+--------+--------+--------+-----+--------+

Top non-repeatable levels by time:
     D:1: 1458 daAuts
     D:2: 639 daAuts
     D:3: 340 daAuts
